 Dungeon Crawl Stone Soup version 0.30-a0-996-ga6910c8ee8 (webtiles) character file.

Game seed: 1943500583116660888

12597 bobo the Cleaver (level 11, -1/107 HPs)
             Began as a Hill Orc Monk on Apr 4, 2023.
             Was an Elder of Beogh.
             Succumbed to a cane toad's poison
             ... on level 2 of the Lair of Beasts.
             The game lasted 00:39:41 (14499 turns).

bobo the Cleaver (Hill Orc Monk)                   Turns: 14499, Time: 00:39:41

Health: -1/107     AC: 18    Str: 25    XL:     11   Next: 95%
Magic:  16/16      EV:  8    Int: 10    God:    Beogh [****..]
Gold:   173        SH:  8    Dex: 13    Spells: 10/10 levels left

rFire   . . .      SeeInvis .    w - +0 war axe
rCold   . . .      Faith    .    i - +0 buckler
rNeg    . . .      Spirit   .    g - +0 plate armour
rPois   .          Reflect  +    p - +2 helmet
rElec   .          Rampage  .    a - +0 cloak
rCorr   +                        (no gloves)
Will    .....                    k - +0 pair of boots Stlth
                                 c - amulet of reflection
HPRegen 0.37/turn                o - ring of resist corrosion
MPRegen 0.15/turn                b - +6 ring of strength

@: lethally poisoned (-1 -> -30)
A: no striking features
a: Renounce Religion, Smiting, Recall Orcish Followers


You were on level 2 of the Lair of Beasts.
You worshipped Beogh.
Beogh was greatly pleased with you.
You visited 3 branches of the dungeon, and saw 13 of its levels.

You collected 657 gold pieces.
You spent 484 gold pieces at shops.

Inventory:

Hand Weapons
 w - a +0 war axe (weapon)
 I - a +3 scimitar of flaming
Armour
 a - a +0 cloak (worn)
 g - a +0 plate armour (worn)
 i - a +0 buckler (worn)
 k - a +0 pair of boots (worn)
 l - a +0 kite shield
 p - a +2 helmet (worn)
Jewellery
 b - a +6 ring of strength (right hand)
 c - an amulet of reflection (around neck)
 n - an amulet of magic regeneration
 o - a ring of resist corrosion (left hand)
 G - a ring of protection from cold
Wands
 q - a wand of acid (1)
 B - a wand of flame (13) (quivered)
Scrolls
 d - 2 scrolls of teleportation
 e - 5 scrolls of amnesia
 f - 2 scrolls of blinking
 j - a scroll of immolation
 m - 2 scrolls of enchant armour
 x - a scroll of summoning
 y - a scroll of fog {unknown}
 z - a scroll of vulnerability {unknown}
 A - a scroll of silence {unknown}
 C - 3 scrolls of enchant weapon
 D - a scroll of torment {unknown}
Potions
 h - 2 potions of brilliance
 r - a potion of resistance
 s - a potion of haste
 t - 3 potions of attraction
 u - 5 potions of mutation
 v - a potion of flight
 E - a potion of invisibility
 F - 3 potions of magic


   Skills:
 + Level 13.1 Fighting
 + Level 14.2 Axes
 + Level 6.8 Armour
 + Level 4.2 Dodging
 - Level 1.5 Stealth
 - Level 7.5 Invocations
 - Level 6.0 Evocations


You had 10 spell levels left.
You didn't know any spells.
Your spell library contained the following spells:

 Spells                   Type           Power      Damage    Failure   Level
 Dazzling Flash           Conj/Hex       0%         N/A       100%        3
 Hailstorm                Conj/Ice       0%         3d3       100%        3
 Ice Form                 Ice/Tmut       0%         N/A       100%        4
 Agony                    Necr           0%         N/A       100%        5
 Silence                  Hex/Air        0%         N/A       100%        5
 Simulacrum               Ice/Necr       0%         N/A       100%        6


Dungeon Overview and Level Annotations

Branches:
Dungeon (10/15)            Temple (0/1) D:7            Lair (2/5) D:10
    Orc (1/2) D:10
  Swamp: Lair:2-3    Shoals: Lair:2-3     Snake: Lair:2-3    Spider: Lair:2-3

Altars:
Gozag
Makhleb
Qazlal
Sif Muna
Uskayaw
Zin
The Shining One

Shops:
D:4 =   D:5 *(   D:10 :*!:

Annotations:
D:5 1 runed translucent door, jtron's ghost, amateur DsWn
D:6 exclusion: 8 doors


Message History

You block the cane toad's attack.
You completely miss the cane toad.
The cane toad is severely wounded.
You hit the elephant but do no damage.
You feel sick.
The cane toad stings you but does no damage.
You slash the cane toad!
The cane toad is almost dead.
You hit the elephant but do no damage.
You feel sick.
You are no longer poisoned.
The elephant tramples you!
* * * LOW HITPOINT WARNING * * *
You hold your ground!
You block the elephant's attack. The cane toad stings you.
* * * LOW HITPOINT WARNING * * *
You are poisoned.
The cane toad poisons you!
Ugbert roars a battlecry!
Your orc warrior goes into a battle-frenzy!
You hear an angry hiss.
You feel much better.
You feel very sick. The elephant tramples you!
You hold your ground!
The elephant trunk-slaps you but does no damage.
Your orc knight roars a battlecry!
Ugbert goes into a battle-frenzy!
The cane toad stings you but does no damage.
You hit the cane toad but do no damage.
The cane toad is almost dead.
You hit the elephant but do no damage.
You feel very sick. The elephant tramples you!
* * * LOW HITPOINT WARNING * * *
You hold your ground!
The elephant trunk-slaps you but does no damage.
The cane toad stings you!
* * * LOW HITPOINT WARNING * * *
You are more poisoned.
The cane toad poisons you!
You swap places.
You die...

#...........................
...............†...........
#.#..o....................
##.♣.#o.o.P........##..##P##
#....o###PP##.##...###.#####
+..<.♣o##########..P##...##.
........#.######
#..###......
#.##.♣.##.##.oo# #####
#>..### .
##♣##.+...@##...... ##..# #
#..#####oY.# #### # #...
#..F#.# # #.#.##^...## .. #
#...##.~^.# ## # .....#...~#
#. ..#≈... #.~~ #...


You could see an elephant, a cane toad (ally target), a friendly orc knight
(strong), the friendly Ugbert the orc knight (strong, very poisoned) and a
friendly orc warrior (strong).

Vanquished Creatures
  A centaur warrior (D:9)
  Erica (Lair:2)
  A death yak (D:10)
  4 cane toads
  A komodo dragon (Lair:1)
  A kobold demonologist (D:9)
  3 trolls
  Sigmund (D:6)
  17 yaks
  2 shadows
  A wyvern (D:10)
  3 steam dragons
  Menkaure (D:6)
  A water moccasin (D:5)
  3 black bears
  2 ice beasts
  3 orc warriors
  A sky beast (D:7)
  An ogre (D:6)
  2 centaurs (D:9)
  4 phantoms
  2 kobold brigands (D:8)
  5 bullfrogs
  2 gnoll sergeants
  3 scorpions
  8 wights
  2 troll zombies (D:10)
  5 killer bees (D:9)
  3 howler monkeys
  A jelly (D:5)
  7 hounds
  A gnoll bouda (D:5)
  An orc priest (D:7)
  4 iguanas
  11 orc wizards
  6 ogre zombies (D:10)
  8 adders
  10 gnolls
  2 white imps
  A worm (D:3)
  2 dart slugs
  22 orcs
  7 endoplasms
  2 giant cockroaches (D:1)
  6 goblins
  5 hobgoblins
  16 kobolds
  5 quokkas
  7 ball pythons
  2 bats
  2 frilled lizards
  3 goblin skeletons (D:10)
  2 goblin zombies (D:10)
  A hobgoblin skeleton (D:10)
  3 hobgoblin zombies (D:10)
  An orc skeleton (D:10)
  13 orc zombies (D:10)
235 creatures vanquished.

Vanquished Creatures (collateral kills)
  9 yaks
  A basilisk (Lair:1)
  A water moccasin (Lair:2)
  2 orc warriors (Orc:1)
  A black bear (Lair:2)
  An ogre (Orc:1)
  A bullfrog (Lair:1)
  3 orc wizards (Orc:1)
  5 orcs
  2 orc zombies (D:10)
26 creatures vanquished.

Vanquished Creatures (others)
  An orc warrior (Orc:1)
  An ogre (D:6)
  A phantom (D:4)
  A wight (D:8)
  An orc priest (D:10)
  2 orc wizards
  An adder (D:4)
  14 orcs
  A goblin (D:4)
  5 fungi
  16 plants
44 creatures vanquished.

Grand Total: 305 creatures vanquished

Notes
Turn   | Place    | Note
-------+----------+-------------------------------------------
     0 | D:1      | bobo the Hill Orc Monk began the quest for the Orb.
     0 | D:1      | Reached XP level 1. HP: 19/19 MP: 1/1
   250 | D:1      | Reached XP level 2. HP: 25/27 MP: 2/2
   725 | D:1      | Reached skill level 1 in Armour
   827 | D:1      | Reached XP level 3. HP: 31/33 MP: 3/3
  1626 | D:2      | Reached XP level 4. HP: 41/41 MP: 4/4
  1791 | D:2      | Reached skill level 5 in Axes
  2281 | D:3      | Noticed a scorpion
  2298 | D:3      | Killed a scorpion
  2299 | D:3      | Reached skill level 5 in Fighting
  2299 | D:3      | Reached XP level 5. HP: 45/48 MP: 5/5
  2721 | D:4      | Found a stormy altar of Qazlal.
  2800 | D:4      | Became a worshipper of Beogh the Brigand
  2800 | D:4      | Reached * piety under Beogh
  2800 | D:4      | Reached ** piety under Beogh
  3031 | D:4      | Found Atocomun's Jewellery Shoppe.
  3124 | D:4      | Reached skill level 6 in Axes
  3124 | D:4      | Reached XP level 6. HP: 37/56 MP: 6/6
  3189 | D:4      | Found a hide-covered altar of Uskayaw.
  3598 | D:4      | Noticed a black bear
  3610 | D:4      | Killed a black bear
  3611 | D:4      | Reached XP level 7. HP: 53/63 MP: 7/7
  3781 | D:5      | Entered Level 5 of the Dungeon
  3790 | D:5      | Found Oczugh's Assorted Antiques.
  3798 | D:5      | Bought a shiny helmet for 232 gold pieces
  4002 | D:5      | Reached skill level 7 in Axes
  4284 | D:5      | Reached skill level 1 in Invocations
  4373 | D:5      | Reached XP level 8. HP: 55/73 MP: 9/9
  4802 | D:5      | Reached skill level 8 in Axes
  4908 | D:5      | Noticed a shadow
  4912 | D:5      | Killed a shadow
  5004 | D:5      | Found a runed translucent door.
  5007 | D:5      | Noticed jtron's ghost (amateur DsWn)
  5120 | D:5      | Found Qunij's Antique Weapon Shop.
  5651 | D:6      | Identified the +0 robe "Adurrevi" {Will++ Stlth-}
  5682 | D:6      | Reached skill level 9 in Axes
  5724 | D:6      | Reached skill level 5 in Invocations
  5725 | D:6      | Reached XP level 9. HP: 31/82 MP: 11/13
  5959 | D:6      | Noticed Menkaure
  6050 | D:6      | Noticed Sigmund
  6060 | D:6      | Killed Sigmund
  6180 | D:6      | Killed Menkaure
  6229 | D:6      | Reached skill level 10 in Axes
  6313 | D:6      | Noticed a troll
  6403 | D:6      | Found a shimmering blue altar of Sif Muna.
  6444 | D:6      | Killed a troll
  7624 | D:7      | Found a staircase to the Ecumenical Temple.
  7628 | D:7      | Identified the +1 chain mail of the Learner {MP-9 Dex+7}
  7953 | D:8      | Reached skill level 10 in Fighting
  7953 | D:8      | Reached skill level 1 in Evocations
  7969 | D:8      | Reached skill level 11 in Axes
  8027 | D:8      | Reached XP level 10. HP: 52/93 MP: 15/15
  8548 | D:8      | Found a glowing golden altar of the Shining One.
  9050 | D:9      | Found a glowing silver altar of Zin.
  9448 | D:9      | Reached skill level 12 in Axes
  9454 | D:9      | Identified the +7 long sword "Sotefol" {pain, Will+ Str+3}
  9560 | D:9      | Noticed a kobold demonologist
  9564 | D:9      | Noticed a sun demon
  9565 | D:9      | Killed a kobold demonologist
  9613 | D:9      | Noticed a centaur warrior
  9640 | D:9      | Killed a centaur warrior
 10053 | D:9      | Reached skill level 5 in Evocations
 10159 | D:9      | Found a burning altar of Makhleb.
 10166 | D:10     | Entered Level 10 of the Dungeon
 10168 | D:10     | Found a staircase to the Lair.
 10171 | D:10     | Noticed a death yak
 10252 | D:10     | Reached *** piety under Beogh
 10259 | D:10     | Found a staircase to the Orcish Mines.
 10278 | D:10     | Reached XP level 11. HP: 31/104 MP: 16/16
 10486 | D:10     | Reached skill level 13 in Axes
 10792 | D:10     | Found Ivopheecs's Book Boutique.
 10795 | D:10     | Found Jeveluet's Assorted Antiques.
 10799 | D:10     | Found Naofapni's Distillery.
 10799 | D:10     | Found Lyvid's Book Boutique.
 10803 | D:10     | Bought a potion of haste for 140 gold pieces
 10803 | D:10     | Bought a potion of invisibility for 112 gold pieces
 10891 | D:10     | Killed a death yak
 11681 | D:10     | Reached skill level 5 in Armour
 11954 | D:10     | Found an opulent altar of Gozag.
 12064 | Orc:1    | Entered Level 1 of the Orcish Mines
 12304 | Lair:1   | Entered Level 1 of the Lair of Beasts
 12631 | Orc:1    | Reached **** piety under Beogh
 14362 | Lair:2   | Noticed Erica
 14370 | Lair:2   | Killed Erica
 14370 | Lair:2   | Gained Ugbert as an ally
 14371 | Lair:2   | Reached skill level 14 in Axes
 14499 | Lair:2   | Succumbed to a cane toad's poison

Illustrated notes

Levels and vault maps discovered:
D:1:      psy_arrival_spokes, layout_loops_corners,
          hangedman_decor_clover_reticule, serial_bayou_lagoon_a,
          chequers_big_river, minmay_heptomino_h4
D:2:      layout_loops_ring, serial_co_window_serial,
          co_window_of_opportunity_a, co_window_paths_a, co_window_paths_b,
          co_window_cross_1, co_window_paths_a, co_window_broadway_a,
          co_window_2corner, co_window_corner_b, co_window_broadway_a
D:3:      layout_rooms
D:4:      black_bear_nest_2, layout_cave_pools,
          nicolae_qazlal_general_emergency, mainiacjoe_overflow_six_doors_small,
          minmay_crystal_water, kennysheep_cross_bottleneck,
          chequers_serial_rivers_large_b, minmay_shop_enchanted_jewellery,
          kennysheep_small_spiral
D:5:      layout_layer_cave, ebering_ghost_sewer_d, serial_shops,
          shop_fountains, nicolae_square_shop
D:6:      kennysheep_big_flooded_room, layout_cave_pools, led_sif_pool,
          uniq_menkaure, uniq_sigmund
D:7:      layout_basic, minmay_temple_entry_sparse_star
D:8:      layout_basic, nicolae_tso_swordbearing_angel
D:9:      layout_roguey, mainiacjoe_overflow_chevrons, overflow_temple_1_default
D:10:     layout_loops_corners, lemuel_tele_altar, david_lair_generic,
          zombieorc2_lemuel, nicolae_wwwww, grunt_decor_clamped,
          minmay_shop_grid_forest, corexii_checkpoint_b
Lair:1:   layout_cave_pods, lemuel_fruit_tree
Lair:2:   layout_regular_city, nzn_random_ring, serial_bayou_shore_b,
          serial_bayou_shore_b, grunt_megastairs_1, serial_bayou_shore_b,
          infiniplex_staircase_pool_2, uniq_erica, uniq_amaemon
Orc:1:    layout_diamond_mine, serial_shops, shop_fountains

Skill      XL: |  1  2  3  4  5  6  7  8  9 10 11 |
---------------+----------------------------------+-----
Fighting       | 4 5 6 7 8 10 11 13 | 13.1
Armour         | 1 2 3 4 6 |  6.8
Axes           | 5 6 7 9 11 12 14 | 14.2
Invocations    | 1 5 7 |  7.5
Evocations     | 2 5 6 |  6.0
Dodging        | 4 |  4.2
Stealth        | |  1.5

Action                     |  1- 3 |  4- 6 |  7- 9 | 10-12 || total
---------------------------+-------+-------+-------+-------++-------
  Melee: Hand axe          |    93 |    76 |       |       ||   169
         Punch             |       |     1 |     2 |       ||     3
         War axe           |       |   104 |   277 |   450 ||   831
 Invoke: Convert to Beogh  |       |     1 |       |       ||     1
         Smiting           |       |       |     6 |     3 ||     9
         Recall Orcish Fol |       |       |       |     1 ||     1
  Evoke: Wand              |       |       |     4 |     4 ||     8
    Use: Scroll            |     2 |     2 |     7 |    10 ||    21
         Potion            |       |     2 |     3 |     8 ||    13
   Stab: Sleeping          |     1 |       |       |       ||     1
 Armour: Chain mail        |    46 |   115 |    73 |       ||   234
         Plate armour      |     1 |       |   106 |   224 ||   331
         Skin              |       |       |       |    65 ||    65
  Dodge: Dodged            |    26 |    62 |   108 |   129 ||   325
  Block: Buckler           |       |       |       |    86 ||    86

Table legend: (Time is in decaauts)
 A = Elapsed time spent in this place.
 B = Non-inter-level travel time spent in this place.
 C = Inter-level travel time spent in this place.
 D = Time resting spent in this place.
 E = Time spent auto-exploring this place.
 F = Levels seen in this place.
 G = Mean time per level.
                   A        B        C        D        E       F      G
               +--------+--------+--------+--------+--------+-----+--------+
         Total |  14568 |  14102 |    466 |   2598 |   9012 |  13 | 1120.6 |
       Dungeon |  12691 |  12293 |    398 |   2048 |   8075 |  10 | 1269.1 |
          Lair |   1822 |   1754 |     68 |    550 |    937 |   2 |  911.0 |
  Orcish Mines |     54 |     54 |      0 |      0 |      0 |   1 |   54.0 |
               +--------+--------+--------+--------+--------+-----+--------+

Top non-repeatable levels by time:
    D:10: 2381 daAuts
     D:5: 1800 daAuts
  Lair:1: 1652 daAuts
     D:9: 1393 daAuts
     D:6: 1347 daAuts
     D:1: 1206 daAuts
     D:4: 1146 daAuts
     D:2: 1023 daAuts
     D:7: 960 daAuts
     D:8: 913 daAuts
     D:3: 518 daAuts
  Lair:2: 170 daAuts
   Orc:1: 54 daAuts
